Map: Neon Violet Square LE

Players

MaxBlazer

  • Race: Terran Terran
  • League: Diamond
  • Spawn Location: 5:00

Adapt - Winner!

  • Race: Zerg Zerg
  • League: Diamond
  • Spawn Location: 11:00

VOD

Have the link to the VOD?

Description

ling bane hydra muta vs angry terran

Time

  • Played on: Nov. 18, 2017, 2:04 p.m.
  • Length: 16:07
Show
View Real Time Build Order
Export as new Build Order

MaxBlazer Terran 

Build Orders: Reaper Expand, MMM Bio 

Get SALT Encoding   

  12  0:01  SCV  
  13  0:13  SCV  
  14  0:18  Supply Depot  
  14  0:25  SCV  
  15  0:44  Barracks  
  15  0:49  Refinery, SCV  
  17  1:11  SCV  
  17  1:23  SCV  
  18  1:33  Reaper  
  18  1:36  Orbital Command  
  19  1:48  Command Center  
  19  1:59  Barracks  
  19  2:04  SCV  
  19  2:07  Barracks Reactor  
  20  2:20  SCV  
  21  2:32  SCV  
  22  2:37  Refinery  
  22  2:40  Factory  
  22  2:43  Marine  
  23  2:50  Barracks Tech Lab  
  23  2:53  Supply Depot  
  23  2:59  Orbital Command, Marine  
  24  3:07  Marine  
  24  3:10  SCV  
  26  3:23  Marine x2  
  28  3:32  SCV x2  
  30  3:41  Engineering Bay  
  30  3:47  SCV  
  30  3:48  Marine x3, SCV, Bunker  
  33  3:50  Stimpack  
  33  3:51  Factory Reactor  
  33  3:53  Starport  
  35  4:00  SCV x2  
  37  4:12  SCV x2  
  39  4:17  Terran Infantry Weapons Level 1  
  39  4:19  Supply Depot  
  39  4:24  Supply Depot  
  39  4:27  SCV x2  
  39  4:28  Marine x3  
  44  4:39  SCV  
  44  4:40  SCV  
  44  4:45  Refinery x2  
  46  4:48  Supply Depot  
  46  4:52  Marine x3  
  49  4:53  Factory Tech Lab  
  49  4:54  Medivac x2  
  53  5:00  SCV x2  
  55  5:13  Supply Depot  
  55  5:15  SCV x2, Marine  
  55  5:16  Marine x2  
  55  5:17  Siege Tank  
  63  5:27  SCV x2  
  65  5:32  Medivac x2  
  65  5:34  Marine x3  
  72  5:51  Marine  
  72  5:52  Marine  
  72  5:53  Siege Tank  
  77  5:57  Combat Shields  
  77  5:59  Marine  
  78  6:13  SCV  
  78  7:03  Marine x3  
  78  7:04  SCV  
  77  7:21  Marine x2  
  78  7:33  Marine  
  73  7:46  Marine x2  
  73  7:50  Marine  
  76  8:35  Marine x2  
  78  8:53  Marine  
  78  8:55  Marine  
  78  8:56  Marine  
  77  9:11  Command Center, Barracks x3, Marine  
  78  9:38  Supply Depot x2  
  78  9:40  Supply Depot  
  78  9:41  Supply Depot  
  78  9:59  Marine x3  
  78  10:00  Siege Tank  
  84  10:17  Marine  
  84  10:18  Marine  
  87  10:35  Barracks Reactor x2  
  86  10:36  Barracks Tech Lab  
  86  10:37  Marauder, Siege Tank  
  86  10:38  Medivac x2  
  87  10:59  Marine x2  
  87  11:00  Marauder x2  
  93  11:05  Orbital Command  
  75  12:04  Marine x3  
  75  12:05  Marine x3  
  75  12:06  Marauder x2  
  85  12:20  Medivac  
  85  12:22  Siege Tank, Marine  
  91  12:27  Marauder  
  92  12:34  Marine x2  
  92  12:35  Marine x3  
  92  12:36  Marauder  
  99  12:48  Marine x2  
  101  12:54  Siege Tank  
  104  13:05  Marine x2  
  104  13:06  Marine x3  
  109  13:18  Marauder x2  
  109  13:19  Marine  
  109  13:23  Marine x2  
  96  13:46  Marine x4  
  96  13:47  Marine x2  
  96  13:48  Marauder x2, Siege Tank  
  109  14:09  Medivac x2, Marauder  
  60  14:48  Marine  
  60  14:49  Marine x5  
  60  14:50  Marauder x2  
  70  14:54  Missile Turret  
  70  14:59  Missile Turret  
  65  15:00  Missile Turret  
  65  15:06  Marine x2  
  65  15:07  Marine x3  
  64  15:11  Marauder  
  62  15:33  Marine x4  
  62  15:34  Marauder x2, Marine  
  62  15:35  Medivac x2  
Show
View Real Time Build Order
Export as new Build Order

Adapt Zerg - Winner!

Build Orders: Hatch First 

Get SALT Encoding   

  12  0:01  Drone  
  13  0:13  Overlord  
  13  0:19  Drone  
  14  0:31  Drone x2  
  14  0:34  Drone  
  17  0:53  Hatchery  
  17  0:57  Drone  
  17  0:59  Extractor  
  17  1:01  Drone  
  17  1:17  Spawning Pool  
  16  1:21  Drone  
  16  1:23  Drone  
  18  1:28  Drone  
  19  1:40  Overlord  
  19  2:04  Queen, Metabolic Boost  
  19  2:06  Queen  
  19  2:07  Zergling x2  
  24  2:10  Zergling x2  
  24  2:13  Zergling x2  
  26  2:16  Drone  
  26  2:18  Drone  
  28  2:25  Drone  
  28  2:26  Drone  
  30  2:35  Drone  
  31  2:40  Drone  
  31  2:41  Evolution Chamber  
  31  2:44  Queen  
  33  3:02  Hatchery  
  33  3:05  Drone x2  
  34  3:06  Drone  
  34  3:10  Overlord  
  35  3:14  Overlord  
  35  3:28  Overlord  
  35  3:33  Drone  
  35  3:34  Drone x4  
  40  3:35  Drone  
  40  3:37  Drone  
  42  3:41  Drone  
  43  3:51  Baneling Nest  
  42  3:55  Drone  
  42  3:56  Drone x3  
  42  3:57  Drone  
  47  4:11  Queen  
  47  4:14  Queen  
  51  4:25  Extractor, Drone x8  
  51  4:26  Overlord  
  58  4:38  Extractor x2  
  56  4:40  Spore Crawler  
  56  4:44  Spore Crawler  
  56  4:45  Spore Crawler  
  53  4:46  Zergling x2  
  53  4:50  Drone x5  
  53  4:51  Drone x2  
  61  5:05  Drone x3  
  61  5:06  Drone x2  
  66  5:07  Overlord  
  66  5:08  Overlord x2  
  66  5:11  Lair  
  66  5:25  Zergling x6  
  66  5:26  Zergling x6  
  72  5:29  Zerg Melee Weapons Level 1  
  72  5:38  Zergling x6  
  72  5:39  Zergling x12  
  81  5:47  Drone  
  82  5:53  Zergling x8  
  86  6:03  Hatchery  
  83  6:15  Zergling x4  
  83  6:17  Zergling x14  
  90  6:19  Overlord  
  90  6:20  Overlord x2  
  83  6:44  Baneling x8  
  83  6:45  Baneling x10  
  76  6:53  Spawning Pool  
  75  6:55  Baneling  
  75  6:56  Baneling x3  
  75  7:05  Centrifical Hooks  
  75  7:07  Drone x13  
  76  7:27  Zerg Ground Armor Level 1  
  76  7:34  Drone x7  
  76  7:35  Drone x5  
  84  7:44  Lair  
  84  7:49  Zergling x8  
  90  7:55  Spine Crawler  
  90  7:56  Spine Crawler  
  84  8:14  Drone  
  84  8:15  Drone x5  
  90  8:25  Hatchery  
  87  8:30  Drone x5  
  90  8:45  Zergling x2  
  90  8:46  Zergling x2  
  92  8:48  Hatchery  
  92  8:49  Hatchery  
  89  8:57  Hatchery  
  87  9:22  Zergling x4  
  87  9:23  Zergling x4  
  91  9:25  Zergling x4  
  91  9:30  Queen  
  95  9:33  Queen  
  95  9:35  Extractor  
  95  9:37  Extractor  
  95  9:50  Spire  
  95  9:51  Hydralisk Den  
  95  9:52  Spire  
  92  9:53  Infestation Pit  
  92  9:54  Zergling x14  
  92  9:55  Evolution Chamber x2  
  96  10:05  Baneling x4  
  96  10:10  Zergling x2  
  96  10:11  Zergling x10  
  102  10:17  Extractor, Hatchery  
  102  10:18  Extractor  
  99  10:23  Baneling  
  99  10:24  Baneling x17  
  99  10:40  Zergling x4, Hatchery  
  99  10:41  Zergling x18  
  99  10:42  Overlord  
  109  10:44  Pneumatized Carapace  
  107  10:57  Baneling x5  
  107  10:58  Zergling x2  
  107  10:59  Zergling x2  
  107  11:00  Overlord  
  107  11:01  Overlord x3  
  109  11:11  Drone x3  
  109  11:15  Extractor  
  109  11:17  Queen  
  113  11:30  Zergling x2  
  113  11:31  Zergling x22  
  113  11:39  Hydralisk x3  
  115  11:40  Hydralisk x4  
  115  11:42  Muscular Augments  
  125  11:52  Hydralisk  
  125  11:53  Hydralisk x3  
  126  11:56  Zergling x4  
  126  11:57  Zergling x4  
  125  12:01  Hydralisk  
  125  12:02  Hydralisk x2  
  131  12:10  Zergling x2  
  131  12:11  Zergling x12  
  138  12:23  Drone x9  
  147  12:32  Extractor  
  147  12:34  Baneling x4  
  147  12:37  Extractor, Baneling x4  
  145  13:16  Hydralisk x8  
  160  13:20  Overlord  
  160  13:21  Overlord x4  
  142  13:50  Mutalisk x12  
  160  14:15  Baneling x4  
  149  14:23  Mutalisk x5  
  149  14:27  Zergling x2  
  149  14:28  Zergling x20  
  163  14:44  Zergling x2  
  163  14:45  Zergling x24  
  160  14:57  Baneling  
  160  14:58  Baneling x19  
  158  15:21  Zergling x18  
  159  15:22  Zergling x16  
  172  15:31  Zergling x2  
  172  15:32  Zergling x8  
  177  15:42  Baneling x9  
  173  15:43  Baneling x13  
Tags
 
Add a new tag
Caveats
  • Supply blocks, unpowered buildings, or Contaminate may cause inaccurate times.
  • Supply counts are checked every 10 seconds.